cohdb
Replays
Latest Replays
All Replays
Popular Replays
Top Player Replays
Match Explorer
How It Works
Community
CoH3 Stats
Reddit
Sign in to upload your games and track your stats! →
Sign in with Steam
Match 42403891
Unlisted
Match 42403891
Overview
Messages
Build Orders
End
Scout Squad
Construct Weapon Support Center
M1919 Machine Gun Team
M1919 Machine Gun Team
Bazooka Squad
Infantry Support Center
M1919 Machine Gun Team
M3 Armored Personnel Carrier
Selects Heavy Weapons
Selects Assault Carriers
Selects Exchangeable Parts
Construct Barracks
Engineer Squad
M3 Assault Carrier
Selects M2HB .50cal Heavy Machine Gun
Riflemen Squad
Grenade Package
Bazooka Squad
M1918 Browning Automatic Rifles
Improved M9 Bazooka Rockets
Bazooka Squad
Insomniac
aion907(ROK)
Rutherford B. Hayes
Toxic teammate = i go afk lol
0
0
Comments
sign in to comment!
No comments posted yet!